Map: Invader LE

Players

Abareru - Winner!

  • Race: Protoss Protoss
  • League: Silver
  • Spawn Location: 11:00

Fropez

  • Race: Protoss Protoss
  • League: Silver
  • Spawn Location: 1:00

VOD

Have the link to the VOD?

Description

Time

  • Played on: May 24, 2016, 6:01 p.m.
  • Length: 6:53
Show
View Real Time Build Order
Export as new Build Order

Abareru Protoss - Winner!

Build Orders:  

Get SALT Encoding   

  12  0:01  Probe (Chrono Boost)  
  13  0:12  Probe (Chrono Boost)  
  14  0:20  Pylon  
  14  0:23  Probe (Chrono Boost)  
  15  0:39  Probe (Chrono Boost), Gateway  
  16  0:46  Assimilator  
  16  0:49  Probe (Chrono Boost)  
  17  0:54  Assimilator  
  17  1:00  Probe (Chrono Boost)  
  18  1:07  Pylon  
  18  1:12  Probe (Chrono Boost)  
  19  1:26  Cybernetics Core  
  19  1:30  Probe (Chrono Boost)  
  20  1:40  Probe (Chrono Boost)  
  20  1:43  Gateway  
  20  1:46  Pylon  
  21  1:51  Probe (Chrono Boost)  
  22  2:02  Probe (Chrono Boost)  
  22  2:04  Adept (Chrono Boost)  
  22  2:08  Warp Gate (Chrono Boost)  
  25  2:13  Gateway  
  25  2:20  Mothership Core  
  27  2:30  Adept (Chrono Boost)  
  27  2:33  Adept (Chrono Boost)  
  31  2:44  Pylon  
  31  3:12  Gateway  
  31  3:22  Stalker  
  31  3:24  Stalker  
  31  3:26  Stalker  
  37  3:50  Pylon  
  37  4:18  Pylon  
  37  4:23  Stalker x2  
  37  4:24  Stalker  
  43  4:25  Stalker  
  45  4:45  Pylon  
  45  4:46  Stalker  
  45  4:47  Stalker  
  45  4:48  Stalker x2  
  53  5:11  Stalker  
  53  5:12  Stalker x2  
  59  5:20  Stalker  
  61  5:35  Stalker  
  57  5:36  Stalker  
  55  6:10  Stalker x3  
  55  6:11  Stalker  
Show
View Real Time Build Order
Export as new Build Order

Fropez Protoss 

Build Orders:  

Get SALT Encoding   

  12  0:01  Probe (Chrono Boost)  
  13  0:15  Pylon  
  13  0:18  Probe (Chrono Boost)  
  14  0:29  Probe (Chrono Boost)  
  14  0:33  Assimilator  
  15  0:39  Probe (Chrono Boost)  
  17  0:50  Probe (Chrono Boost), Gateway  
  17  1:00  Probe (Chrono Boost)  
  18  1:09  Gateway  
  18  1:11  Probe (Chrono Boost)  
  19  1:21  Probe (Chrono Boost)  
  20  1:32  Probe (Chrono Boost)  
  21  1:38  Assimilator  
  21  1:42  Probe (Chrono Boost), Cybernetics Core  
  22  1:53  Probe (Chrono Boost)  
  23  2:04  Pylon  
  23  2:13  Forge  
  23  2:15  Pylon  
  23  2:22  Stalker  
  25  2:23  Stalker  
  29  2:30  Mothership Core (Chrono Boost)  
  29  2:36  Warp Gate (Chrono Boost)  
  29  2:48  Probe (Chrono Boost)  
  29  2:49  Pylon  
  30  2:53  Protoss Ground Weapons Level 1 (Chrono Boost)  
  30  2:58  Probe (Chrono Boost)  
  31  3:09  Probe, Stalker  
  34  3:16  Stalker  
  36  3:37  Probe  
  37  3:42  Stalker  
  37  3:45  Stalker  
  41  3:52  Pylon, Gateway  
  41  3:53  Probe  
  42  4:05  Probe  
  45  4:18  Probe  
  44  4:26  Pylon  
  44  4:30  Twilight Council, Probe  
  45  4:32  Stalker  
  45  4:33  Stalker  
  49  4:47  Probe  
  50  4:58  Stalker x2  
  50  4:59  Probe  
  55  5:04  Protoss Ground Armor Level 1 (Chrono Boost)  
  55  5:23  Gateway  
  55  5:24  Photon Cannon  
  53  5:34  Pylon  
  53  5:40  Photon Cannon, Gateway  
  53  5:45  Gateway  
  53  5:47  Pylon  
  45  6:10  Stalker x2  
  45  6:11  Stalker  
  49  6:22  Pylon  
  49  6:25  Photon Cannon  
  49  6:26  Photon Cannon  
  47  6:40  Stalker x3  
  47  6:48  Pylon  
Tags
 
Matchup
PvP
Replay Pack
All Mines
Spawn Locations
Close Positions
Add a new tag
Caveats
  • Supply blocks, unpowered buildings, or Contaminate may cause inaccurate times.
  • Supply counts are checked every 10 seconds.